Map: Orbital Shipyard

Players

AtRi

  • Race: Protoss Protoss
  • League: Diamond

LilDicky - Winner!

  • Race: Protoss Protoss
  • League: Diamond

VOD

http://www.twitch.tv/tumescentpie

Description

Time

  • Played on: Jan. 5, 2016, 1:56 a.m.
  • Length: 69:56
Show
View Real Time Build Order
Export as new Build Order

AtRi Protoss 

Build Orders:  

Get SALT Encoding   

  12  0:01  Probe (Chrono Boost)  
  13  0:11  Probe (Chrono Boost)  
  14  0:18  Pylon  
  14  0:22  Probe (Chrono Boost)  
  15  0:36  Probe (Chrono Boost)  
  15  0:38  Gateway  
  16  0:46  Probe (Chrono Boost)  
  17  0:54  Assimilator  
  18  0:57  Probe (Chrono Boost)  
  18  1:07  Probe (Chrono Boost)  
  19  1:22  Probe (Chrono Boost)  
  20  1:41  Probe (Chrono Boost)  
  23  2:07  Zealot (Chrono Boost)  
  22  2:35  Pylon  
  22  2:42  Nexus  
  20  4:03  Forge  
  20  4:23  Pylon  
  19  4:38  Photon Cannon  
  19  4:41  Photon Cannon x2  
  19  4:53  Probe  
  20  5:04  Probe  
  21  5:14  Gateway, Probe  
  22  5:25  Probe  
  23  5:34  Assimilator  
  23  5:35  Probe  
  24  5:46  Probe  
  24  5:52  Pylon  
  24  6:06  Cybernetics Core  
  24  6:11  Probe  
  25  6:18  Photon Cannon  
  25  6:20  Photon Cannon  
  25  6:21  Probe  
  26  6:30  Assimilator  
  26  6:32  Probe  
  26  6:34  Pylon  
  27  6:43  Photon Cannon  
  27  6:45  Stalker (Chrono Boost)  
  22  7:52  Stargate  
  22  8:03  Stalker (Chrono Boost)  
  17  9:07  Nexus  
  17  9:12  Nexus  
  17  9:24  Assimilator  
  17  9:36  Nexus  
  17  9:38  Assimilator  
  17  9:39  Assimilator  
  15  9:59  Nexus  
  14  10:40  Nexus  
  13  11:27  Nexus, Pylon  
  13  11:33  Assimilator  
  13  11:40  Assimilator  
  13  12:08  Nexus  
  13  12:45  Nexus  
  13  13:18  Nexus  
  13  13:47  Nexus  
  13  14:25  Assimilator  
  12  15:03  Nexus  
  1  15:16  Nexus  
  1  15:52  Assimilator  
  1  16:57  Probe  
Show
View Real Time Build Order
Export as new Build Order

LilDicky Protoss - Winner!

Build Orders:  

Get SALT Encoding   

  12  0:04  Probe (Chrono Boost)  
  13  0:15  Probe (Chrono Boost)  
  13  0:20  Pylon  
  14  0:26  Probe (Chrono Boost)  
  15  0:38  Probe (Chrono Boost)  
  15  0:40  Forge  
  16  0:49  Probe (Chrono Boost)  
  17  1:00  Probe (Chrono Boost)  
  18  1:09  Pylon  
  18  1:10  Pylon  
  18  1:12  Pylon  
  18  1:14  Probe (Chrono Boost)  
  19  1:24  Pylon  
  20  1:32  Photon Cannon  
  19  1:51  Photon Cannon  
  18  1:57  Probe (Chrono Boost)  
  19  2:07  Probe (Chrono Boost)  
  19  2:08  Photon Cannon  
  20  2:14  Photon Cannon  
  20  2:23  Gateway  
  20  2:24  Probe (Chrono Boost), Assimilator  
  21  2:44  Probe (Chrono Boost)  
  22  2:55  Probe (Chrono Boost)  
  23  3:01  Pylon  
  23  3:15  Probe (Chrono Boost)  
  23  3:18  Zealot (Chrono Boost)  
  26  3:22  Cybernetics Core  
  26  3:26  Assimilator  
  25  3:42  Probe  
  26  4:00  Gateway  
  26  4:01  Gateway  
  26  4:05  Warp Gate (Chrono Boost)  
  26  4:06  Gateway  
  26  4:07  Pylon  
  26  4:14  Probe  
  27  4:35  Pylon  
  27  4:40  Pylon  
  27  4:45  Pylon  
  26  5:13  Pylon  
  26  5:22  Pylon  
  26  5:53  Gateway  
  26  5:55  Photon Cannon  
  26  6:07  Nexus  
  26  6:08  Probe (Chrono Boost)  
  27  6:16  Stalker x3, Gateway  
  27  6:18  Stalker  
  35  6:41  Stalker x3  
  35  6:42  Stalker  
  41  7:09  Stalker  
  41  7:10  Stalker x4  
  41  7:15  Probe (Chrono Boost)  
  52  7:26  Probe (Chrono Boost), Assimilator  
  53  7:30  Assimilator  
  53  7:51  Pylon  
  53  8:00  Twilight Council  
  53  8:09  Stalker x3  
  59  8:51  Stalker x3  
  59  8:52  Stalker x3  
  71  9:01  Blink (Chrono Boost)  
  71  9:41  Stalker x4  
  71  9:45  Protoss Ground Weapons Level 1  
  79  9:55  Stalker  
  81  10:08  Stalker x2  
  81  10:09  Stalker x2  
  89  10:26  Stalker x2  
  93  10:32  Nexus  
  93  10:48  Pylon  
  93  10:57  Pylon  
  93  11:22  Dark Shrine  
  93  11:25  Pylon, Photon Cannon  
  93  11:46  Pylon  
  93  11:57  Stalker x5  
  93  11:58  Stalker  
  105  12:02  Photon Cannon  
  105  12:07  Probe x2  
  106  12:08  Probe  
  108  13:03  Stalker  
  108  13:04  Stalker x4  
  108  13:05  Stalker  
  120  13:10  Pylon  
  120  13:48  Dark Templar, Pylon  
  120  13:49  Dark Templar  
  124  14:03  Dark Templar x4  
  124  14:08  Photon Cannon  
  132  14:15  Pylon  
  132  14:23  Photon Cannon  
  132  14:44  Dark Templar x6  
  144  15:32  Probe x2  
  144  15:33  Probe  
  147  15:42  Probe  
  148  16:01  Nexus  
  148  16:10  Nexus  
  148  16:15  Pylon  
  148  16:27  Nexus  
  148  16:57  Nexus  
  148  17:02  Probe  
  148  17:05  Probe  
  148  17:07  Probe  
  151  17:13  Probe  
  152  17:40  Nexus  
  152  18:07  Photon Cannon  
  152  18:24  Probe x3  
  152  18:26  Probe  
  156  18:34  Assimilator  
  156  18:39  Assimilator  
  156  18:45  Assimilator  
  156  18:51  Nexus  
  156  18:52  Assimilator  
  156  18:59  Nexus  
  156  19:04  Assimilator  
  156  19:15  Probe  
  156  19:16  Probe x4  
  156  19:18  Probe  
  162  19:26  Probe x2  
  162  19:27  Probe x3  
  162  19:30  Probe  
  168  19:33  Assimilator  
  168  19:37  Probe x5, Assimilator  
  169  19:41  Nexus  
  169  19:42  Probe  
  174  19:47  Probe x2  
  174  19:48  Probe x3, Nexus  
  179  19:54  Probe  
  179  19:57  Probe, Assimilator  
  179  19:58  Probe x5  
  183  20:02  Assimilator  
  183  20:06  Probe, Assimilator  
  187  20:07  Probe, Assimilator  
  187  20:08  Probe x2, Assimilator  
  187  20:09  Probe x3  
  187  20:11  Probe  
  194  20:15  Assimilator  
  194  20:17  Probe  
  194  20:18  Probe  
  196  20:53  Assimilator  
  196  20:59  Assimilator  
  196  21:11  Nexus, Assimilator  
  196  21:13  Assimilator  
  196  21:18  Assimilator  
  196  21:20  Probe x4  
  200  21:31  Assimilator  
  200  21:41  Assimilator  
  200  21:45  Assimilator  
  196  21:53  Probe x4  
  196  21:54  Probe x4  
  180  21:55  Probe  
  180  21:57  Assimilator  
  171  22:03  Probe  
  171  22:04  Probe x7  
  171  22:07  Probe  
  176  22:10  Assimilator  
  176  22:11  Assimilator  
  176  22:14  Probe  
  176  22:15  Probe x7  
  176  22:17  Nexus  
  176  22:19  Probe  
  185  22:25  Probe x8  
  193  22:31  Probe, Pylon  
  193  22:36  Photon Cannon  
  194  22:38  Photon Cannon  
  194  22:52  Pylon  
  194  23:09  Assimilator  
  194  23:12  Nexus  
  194  23:47  Pylon  
  194  23:57  Protoss Ground Weapons Level 2  
  194  24:06  Forge  
  194  24:08  Mothership Core  
  196  24:41  Nexus  
  196  24:46  Pylon  
  196  24:49  Pylon  
  196  24:51  Pylon  
  196  25:10  Probe  
  196  25:12  Probe  
  198  25:21  Assimilator  
  198  25:23  Assimilator  
  198  25:41  Probe x2  
  200  25:51  Probe x2  
  200  25:56  Assimilator  
  200  26:02  Gateway  
  200  26:04  Gateway  
  200  26:06  Gateway  
  200  26:08  Gateway  
  200  26:10  Photon Cannon  
  200  26:11  Photon Cannon  
  200  26:14  Pylon, Photon Cannon  
  200  26:34  Gateway  
  200  26:38  Pylon  
  200  26:39  Photon Cannon  
  200  26:42  Photon Cannon x2  
  200  26:46  Photon Cannon  
  200  26:50  Pylon  
  200  26:58  Photon Cannon  
  200  27:01  Pylon, Photon Cannon  
  200  27:05  Gateway  
  200  27:06  Gateway  
  200  27:08  Gateway  
  200  27:09  Gateway  
  200  27:17  Photon Cannon  
  200  27:21  Photon Cannon  
  200  27:27  Pylon  
  160  28:01  Photon Cannon  
  160  28:03  Photon Cannon  
  160  28:05  Photon Cannon  
  160  28:06  Photon Cannon  
  160  28:08  Photon Cannon  
  160  28:11  Photon Cannon  
  160  28:26  Pylon x2  
  160  28:28  Pylon  
  160  28:30  Pylon  
  160  28:31  Pylon  
  160  28:32  Pylon  
  160  28:34  Pylon  
  160  28:36  Pylon  
  160  28:37  Pylon  
  160  28:39  Pylon  
  160  28:40  Pylon  
  160  28:41  Pylon  
  160  28:52  Pylon  
  160  28:53  Pylon  
  160  28:55  Pylon  
  160  28:56  Pylon  
  160  28:58  Pylon  
  160  28:59  Pylon  
  160  29:00  Pylon  
  160  29:05  Pylon  
  160  29:07  Pylon  
  160  29:09  Pylon  
  160  29:10  Pylon  
  160  29:12  Pylon  
  160  29:33  Probe  
  160  29:34  Probe x9  
  160  29:36  Probe  
  171  29:44  Probe x2  
  171  29:45  Probe x8  
  181  30:15  Pylon  
  181  30:17  Pylon  
  181  30:18  Pylon  
  181  30:19  Pylon x2  
  181  30:20  Pylon  
  181  30:21  Pylon  
  181  30:22  Pylon  
  181  30:23  Pylon x2  
  181  30:25  Pylon  
  181  30:27  Pylon  
  181  30:28  Pylon  
  181  30:29  Pylon  
  181  30:31  Pylon  
  181  30:32  Pylon  
  181  30:33  Pylon  
  181  30:35  Pylon  
  181  30:36  Pylon  
  181  30:37  Pylon  
  181  30:38  Pylon  
  181  30:40  Pylon  
  181  30:41  Pylon  
  181  30:43  Pylon  
  181  30:44  Pylon  
  181  30:45  Pylon  
  181  30:47  Pylon  
  181  30:48  Pylon  
  181  30:49  Pylon  
  181  30:50  Pylon  
  181  30:51  Pylon  
  181  30:53  Pylon  
  181  30:54  Pylon  
  181  30:55  Pylon  
  181  30:56  Pylon  
  181  31:00  Pylon  
  181  31:04  Pylon  
  181  31:05  Pylon  
  181  31:07  Pylon  
  181  31:08  Pylon  
  181  31:10  Pylon  
  181  31:12  Pylon  
  181  31:13  Pylon  
  181  31:14  Pylon  
  181  31:15  Pylon  
  181  31:17  Pylon  
  181  31:18  Pylon  
  181  31:20  Pylon  
  181  31:21  Pylon  
  181  31:23  Pylon  
  181  31:27  Pylon  
  181  31:29  Pylon  
  181  31:31  Pylon  
  181  31:38  Pylon  
  181  31:45  Dark Shrine  
  181  31:46  Dark Shrine  
  181  31:47  Dark Shrine  
  181  31:48  Dark Shrine  
  181  31:49  Dark Shrine  
  181  31:50  Dark Shrine  
  181  31:52  Dark Shrine  
  181  31:53  Dark Shrine  
  181  31:55  Dark Shrine  
  181  31:56  Dark Shrine x2  
  181  31:57  Dark Shrine  
  181  32:01  Dark Shrine  
  181  32:02  Dark Shrine  
  181  32:03  Dark Shrine  
  181  32:04  Dark Shrine  
  181  32:09  Gateway x2  
  181  32:14  Gateway  
  181  32:16  Gateway  
  181  32:17  Gateway  
  181  32:19  Gateway  
  181  32:21  Gateway  
  181  32:23  Gateway  
  181  32:24  Gateway  
  181  32:26  Gateway  
  181  32:33  Gateway  
  181  32:34  Gateway  
  181  32:36  Gateway  
  181  32:38  Gateway  
  181  32:39  Gateway  
  181  32:41  Gateway  
  181  32:43  Gateway  
  181  32:49  Photon Cannon x2  
  181  32:50  Photon Cannon  
  181  32:51  Photon Cannon  
  181  32:52  Photon Cannon  
  181  32:53  Photon Cannon  
  181  32:54  Photon Cannon  
  181  32:55  Photon Cannon  
  181  32:56  Photon Cannon  
  181  32:57  Photon Cannon  
  181  32:58  Photon Cannon  
  181  32:59  Photon Cannon  
  181  33:01  Photon Cannon  
  181  33:05  Gateway  
  181  33:07  Photon Cannon x2  
  181  33:24  Photon Cannon x2  
  181  33:31  Photon Cannon  
  181  33:33  Photon Cannon  
  181  33:36  Gateway  
  181  33:38  Photon Cannon  
  181  33:42  Photon Cannon  
  181  33:45  Photon Cannon  
  181  33:48  Photon Cannon  
  181  33:59  Photon Cannon  
  181  34:18  Pylon x2  
  181  34:20  Pylon  
  181  34:21  Pylon  
  181  34:22  Pylon  
  181  34:24  Pylon  
  181  34:33  Nexus  
  181  34:34  Nexus  
  181  34:40  Nexus  
  181  34:49  Gateway, Pylon  
  181  34:57  Gateway  
  181  35:30  Probe  
  181  35:32  Probe x6  
  181  35:33  Probe x2  
  181  35:34  Probe  
  191  35:53  Pylon  
  191  36:02  Photon Cannon  
  191  36:03  Photon Cannon  
  191  36:05  Photon Cannon  
  191  36:09  Photon Cannon  
  191  36:11  Photon Cannon  
  191  36:13  Photon Cannon x2  
  191  36:15  Photon Cannon  
  191  36:16  Photon Cannon  
  191  36:17  Photon Cannon  
  191  36:18  Photon Cannon x2  
  191  36:19  Photon Cannon  
  191  36:20  Nexus  
  191  36:21  Photon Cannon  
  191  36:24  Nexus  
  191  36:26  Pylon  
  191  36:27  Pylon  
  191  36:29  Pylon x2  
  191  36:33  Gateway, Pylon  
  191  36:35  Pylon  
  191  36:36  Pylon  
  191  36:37  Pylon x2  
  191  36:40  Pylon  
  191  36:43  Pylon  
  191  36:47  Pylon  
  191  36:51  Pylon  
  191  36:52  Pylon  
  191  36:54  Pylon  
  191  36:56  Pylon  
  191  36:58  Pylon  
  191  37:01  Pylon  
  191  37:03  Pylon  
  191  37:05  Pylon, Photon Cannon  
  191  37:06  Pylon, Photon Cannon  
  191  37:07  Photon Cannon  
  191  37:08  Pylon  
  191  37:10  Photon Cannon  
  191  37:11  Pylon  
  191  37:12  Pylon, Photon Cannon  
  191  37:13  Photon Cannon x2  
  191  37:14  Pylon  
  191  37:16  Photon Cannon  
  191  37:19  Photon Cannon  
  191  37:20  Photon Cannon  
  191  37:22  Photon Cannon  
  191  37:26  Photon Cannon  
  191  37:28  Photon Cannon  
  191  37:29  Photon Cannon  
  191  37:31  Photon Cannon  
  191  37:34  Photon Cannon x2  
  191  37:35  Photon Cannon x2  
  191  37:36  Photon Cannon  
  191  37:37  Photon Cannon x2  
  191  37:38  Photon Cannon x3  
  191  37:39  Photon Cannon  
  191  37:40  Photon Cannon  
  191  37:41  Photon Cannon  
  191  37:42  Photon Cannon  
  191  37:43  Photon Cannon x2  
  191  37:45  Pylon x2, Photon Cannon x2  
  191  37:46  Pylon  
  191  37:47  Pylon, Photon Cannon  
  191  37:49  Pylon, Photon Cannon  
  191  37:50  Pylon, Photon Cannon  
  191  37:51  Pylon  
  191  37:52  Photon Cannon  
  191  37:53  Photon Cannon  
  191  37:54  Pylon  
  191  37:56  Pylon  
  191  37:58  Pylon  
  191  38:01  Pylon  
  191  38:03  Pylon  
  191  38:09  Pylon  
  191  38:13  Pylon  
  191  38:16  Pylon  
  191  38:19  Pylon  
  191  38:22  Pylon  
  191  38:25  Pylon  
  191  38:30  Pylon  
  191  38:31  Pylon  
  191  38:47  Photon Cannon  
  191  38:50  Photon Cannon  
  191  38:52  Photon Cannon  
  191  38:54  Photon Cannon  
  191  38:55  Photon Cannon  
  191  38:58  Photon Cannon  
  191  38:59  Photon Cannon  
  191  39:00  Photon Cannon  
  191  39:04  Photon Cannon x2  
  191  39:18  Probe  
  191  39:19  Probe  
  191  39:20  Probe x6  
  191  39:22  Probe  
  200  39:35  Photon Cannon  
  200  39:37  Photon Cannon  
  200  39:38  Photon Cannon x2  
  200  39:40  Photon Cannon x2  
  200  40:10  Photon Cannon  
  200  40:11  Photon Cannon  
  200  40:13  Photon Cannon  
  200  40:14  Photon Cannon  
  200  40:16  Pylon, Photon Cannon  
  200  40:18  Pylon, Photon Cannon  
  200  40:19  Pylon  
  200  40:20  Photon Cannon  
  200  40:21  Pylon  
  200  40:22  Photon Cannon  
  200  40:23  Pylon  
  200  40:24  Photon Cannon  
  200  40:25  Photon Cannon  
  200  40:26  Pylon  
  200  40:28  Pylon  
  200  40:29  Photon Cannon  
  200  40:30  Photon Cannon  
  200  40:31  Pylon  
  200  40:32  Photon Cannon  
  200  40:33  Photon Cannon  
  200  40:34  Pylon, Photon Cannon  
  200  40:36  Pylon  
  200  40:39  Pylon, Photon Cannon  
  200  40:40  Photon Cannon  
  200  40:42  Pylon, Photon Cannon  
  200  40:44  Photon Cannon  
  200  40:45  Pylon  
  200  40:46  Photon Cannon  
  200  40:47  Photon Cannon  
  200  40:48  Pylon  
  200  40:49  Photon Cannon  
  200  40:51  Pylon, Photon Cannon  
  200  40:52  Photon Cannon  
  200  40:54  Pylon, Photon Cannon  
  200  40:55  Photon Cannon  
  199  40:57  Pylon  
  199  40:58  Pylon, Photon Cannon  
  199  41:00  Photon Cannon  
  199  41:02  Photon Cannon  
  199  41:05  Pylon, Photon Cannon  
  199  41:07  Pylon, Photon Cannon  
  199  41:09  Pylon  
  199  41:10  Photon Cannon  
  199  41:12  Pylon  
  199  41:16  Pylon  
  199  41:18  Pylon  
  199  41:20  Pylon  
  199  41:27  Pylon  
  199  41:29  Pylon  
  199  42:45  Pylon  
  199  42:46  Pylon  
  199  42:54  Pylon  
  199  42:57  Pylon  
  199  42:59  Pylon x2  
  199  43:01  Pylon  
  199  43:02  Pylon  
  199  43:03  Pylon x2  
  199  43:05  Pylon  
  199  43:09  Pylon  
  199  43:11  Pylon  
  199  43:13  Pylon  
  199  43:18  Pylon  
  199  43:21  Pylon  
  199  43:25  Pylon  
  199  43:27  Pylon  
  199  43:30  Pylon  
  199  43:31  Pylon  
  199  43:32  Pylon  
  199  43:34  Pylon  
  199  43:35  Pylon  
  199  43:36  Pylon  
  199  43:37  Pylon  
  199  43:38  Pylon x2  
  199  43:42  Pylon  
  199  44:31  Photon Cannon  
  199  44:47  Gateway  
  199  44:49  Gateway  
  199  44:50  Photon Cannon  
  199  44:51  Gateway, Photon Cannon  
  199  44:53  Gateway  
  199  44:55  Gateway  
  199  44:57  Gateway  
  199  44:58  Gateway  
  199  45:00  Gateway  
  199  45:03  Gateway  
  199  45:10  Gateway  
  199  45:16  Pylon x2  
  199  45:17  Protoss Ground Weapons Level 3  
  199  45:18  Pylon, Protoss Ground Armor Level 1  
  199  45:24  Gateway  
  199  45:27  Gateway  
  199  45:28  Gateway  
  199  45:31  Gateway  
  199  45:34  Gateway  
  199  45:36  Gateway x2  
  199  45:38  Gateway  
  199  45:40  Gateway  
  199  45:45  Gateway  
  199  45:46  Gateway  
  199  45:48  Gateway  
  195  45:53  Pylon  
  195  45:54  Pylon  
  195  45:55  Pylon  
  195  45:56  Forge  
  173  46:15  Protoss Air Weapons Level 1  
  167  46:51  Mothership Core  
  169  47:24  Templar Archives  
  169  47:29  Stargate  
  169  48:00  Psionic Storm  
  169  48:09  Protoss Air Armor Level 1  
  169  48:31  High Templar  
  169  48:32  High Templar x5  
  169  48:33  High Templar x4  
  169  48:34  High Templar x3  
  191  48:35  High Templar x2  
  94  49:56  High Templar x5  
  94  49:57  High Templar x7  
  94  49:58  High Templar x4  
  94  49:59  High Templar x5  
  123  50:00  High Templar x3  
  123  50:01  High Templar  
  123  50:02  High Templar x3  
  123  50:03  High Templar  
  123  50:05  High Templar x3  
  123  50:06  High Templar  
  123  50:07  High Templar x2  
  149  50:08  High Templar x2  
  149  50:09  High Templar x5  
  149  50:10  High Templar x3  
  149  50:11  High Templar  
  149  50:12  High Templar x3  
  149  50:13  High Templar  
  181  50:14  High Templar x3  
  181  50:15  High Templar x2  
  191  51:05  High Templar x4  
  187  51:15  High Templar x3  
  187  51:16  High Templar x2  
  172  52:19  High Templar x5  
  172  52:20  High Templar x4  
  172  52:21  High Templar x4  
  172  52:22  High Templar  
  4  54:27  Dark Templar x5  
  4  54:28  Dark Templar x4  
  4  54:29  Dark Templar x5  
  4  54:30  Dark Templar x5  
  4  54:31  Dark Templar x7  
  48  54:32  Dark Templar x4  
  48  54:33  Dark Templar x4  
  48  54:34  Dark Templar x4  
  48  54:35  Dark Templar x5  
  48  54:36  Dark Templar x3  
  48  54:37  Dark Templar x4  
  48  54:38  Dark Templar x5  
  114  55:12  Dark Templar x2  
  114  55:13  Dark Templar x4  
  114  55:14  Dark Templar x3  
  128  55:15  Dark Templar x4  
  128  55:16  Dark Templar x3  
  128  55:17  Dark Templar x4  
  128  55:18  Dark Templar x3  
  128  55:19  Dark Templar x2  
  128  55:20  Dark Templar x2  
  128  55:21  Dark Templar x4  
  170  55:22  Dark Templar  
  170  55:23  Dark Templar x5  
  170  55:24  Dark Templar x2  
  170  55:26  Dark Templar x4  
  200  55:29  Archon  
  200  55:30  Archon x10  
  200  55:31  Archon x7  
  200  55:32  Archon x6  
  200  55:33  Archon  
  200  59:20  Fleet Beacon  
  200  59:24  Protoss Ground Armor Level 2  
  200  59:25  Protoss Shields Level 1  
  200  59:35  Charge (Chrono Boost)  
  200  60:12  Anion Pulse-Crystals  
  200  61:01  Resonating Glaives (Chrono Boost)  
  200  61:16  Graviton Catapult  
  200  64:27  Robotics Facility  
  198  64:37  Protoss Shields Level 2  
  198  64:39  Protoss Ground Armor Level 3  
  198  65:24  Observer  
  199  66:42  Nexus  
  199  66:49  Pylon  
  199  66:50  Pylon  
  199  66:51  Pylon  
  199  66:54  Pylon  
  199  66:55  Nexus  
  199  66:57  Pylon  
  199  66:58  Pylon  
  199  67:00  Pylon  
  199  67:13  Nexus  
  199  67:19  Nexus  
  199  67:23  Nexus  
  199  68:34  Pylon  
  199  68:40  Pylon  
  199  68:42  Pylon  
  199  68:44  Pylon  
  199  68:45  Pylon  
  199  68:47  Pylon  
  199  68:54  Gateway  
  199  68:59  Pylon  
  199  69:06  Gateway  
  199  69:08  Pylon  
Tags
 
Add a new tag
Caveats
  • Supply blocks, unpowered buildings, or Contaminate may cause inaccurate times.
  • Supply counts are checked every 10 seconds.